 Dungeon Crawl Stone Soup version 0.29.1-15-g9cfb28693d (webtiles) character file.

Game seed: 15180903117359904829

261 Sanktem7 the Trooper (level 5, -3/50 HPs)
             Began as a Minotaur Fighter on Mar 2, 2023.
             Slain by a black bear (4 damage)
             ... on level 4 of the Dungeon.
             The game lasted 00:04:48 (2609 turns).

Sanktem7 the Trooper (Minotaur Fighter)             Turns: 2609, Time: 00:04:49

Health: -3/50      AC:  7    Str: 22    XL:     5   Next: 96%
Magic:  4/4        EV:  9    Int:  5    God:
Gold:   159        SH:  4    Dex: 10    Spells: 4/4 levels left

rFire   . . .      SeeInvis .   a - +0 war axe {axe}
rCold   . . .      Faith    .   c - +0 buckler
rNeg    . . .      Spirit   .   b - +0 scale mail
rPois   .          Reflect  .   (helmet restricted)
rElec   .          Harm     .   (no cloak)
rCorr   .          Rampage  .   (no gloves)
Will    +....                   (no boots)
Stlth   ..........              (no amulet)
HPRegen 0.16/turn               s - ring of willpower
MPRegen 0.09/turn               (no ring)

@: no status effects
A: horns 2, retaliatory headbutt
a: no special abilities


You were on level 4 of the Dungeon.
You visited 1 branch of the dungeon, and saw 4 of its levels.

You collected 179 gold pieces.
You spent 20 gold pieces at shops.


Innate Abilities, Weirdness & Mutations

You have a pair of horns on your head.
You reflexively headbutt those who attack you in melee.


   Skills:
 * Level 5.8 Fighting
 * Level 5.1 Axes
 + Level 4.8 Armour
 - Level 3.6 Shields


You had 4 spell levels left.
You didn't know any spells.
Your spell library contained the following spells:

 Spells                   Type           Power      Damage    Failure   Level
 Apportation              Tloc           0%         N/A       87%         1
 Foxfire                  Conj/Fire      0%         2x1d4     87%         1
 Freeze                   Ice            0%         1d3       87%         1
 Necrotise                Necr           0%         1d4       87%         1
 Summon Small Mammal      Summ           0%         N/A       87%         1
 Conjure Flame            Conj/Fire      0%         6-21      99%         3
 Frozen Ramparts          Ice            0%         1d1       99%         3
 Inner Flame              Hex/Fire       0%         N/A       99%         3
 Flame Wave               Conj/Fire      0%         2d4       100%        4
 Hailstorm                Conj/Ice       0%         3d3       100%        4

Inventory:

Hand Weapons
 a - a +0 war axe (weapon) {axe}
Missiles
 g - 4 atropa-tipped darts (quivered) {throwing}
 m - 29 stones {throwing}
Armour
 b - a +0 scale mail (worn)
 c - a +0 buckler (worn)
Jewellery
 s - a ring of willpower (left hand)
   (You found it on level 3 of the Dungeon)
Wands
 k - a wand of charming (2)
   (You found it on level 2 of the Dungeon)
 p - a wand of mindburst (14)
   (You found it on level 3 of the Dungeon)
Scrolls
 e - a scroll of noise {unknown}
 f - a scroll of poison {unknown}
 n - a scroll of magic mapping {unknown}
 q - a scroll of teleportation {unknown}
 r - a scroll of identify {@r1}
 t - a scroll of acquirement {unknown}
Potions
 d - 2 potions of might
 h - 2 potions of flight {unknown}
 i - 2 potions of curing {unknown}
 j - 4 potions of heal wounds {@q2}
 l - a potion of attraction {!q}
 o - 2 potions of mutation {!q}

Dungeon Overview and Level Annotations

Branches:
Dungeon (4/15) Zot: 21345
 Temple: D:4-7

Altars:
Fedhas
Trog

Shops:
D:3 ?*?*

Annotations:
D:4 Edmund

#.....(.. #.. ##
#........
#...#.##...[....
...............
#.( ..........
#..##.....$#..
#..>#.$†..$...
#..@.g=......
#..h@........
#............
......).####g###.
......### ..#
...... ... .....
... ..... ...
.##. #.


You could see Edmund, a black bear, a hobgoblin and a goblin.


Message History

There is a stone staircase leading up here.
You block the ball python's attack. The ball python grabs you.
The ball python constricts you.
You closely miss the ball python.
The ball python bites you but does no damage.
The ball python constricts you.
The ball python bites you but does no damage.
The ball python constricts you.
You hit the ball python but do no damage.
The ball python closely misses you. You furiously retaliate!
You headbutt the ball python!
You kill the ball python!
You closely miss Edmund.
Edmund says, "People think my brother is the best.
I think he's crazy."
Edmund hits you with a +0 flail of protection! 😕 HP[-7]
You take 7 damage, and now have 43/50 hp.
You hit Edmund but do no damage. You headbutt Edmund, but do no damage.
Edmund hits you but does no damage.
A black bear comes into view.
You hit Edmund but do no damage. You headbutt Edmund, but do no damage.
Edmund hits you with a +0 flail of protection!
You block Edmund's attack. 😮 HP[-7]
You take 7 damage, and now have 36/50 hp.
You are too injured to fight recklessly!
You are too injured to fight recklessly!
You are too injured to fight recklessly!
You are too injured to fight recklessly!
You are too injured to fight recklessly!
You are too injured to fight recklessly!
You are too injured to fight recklessly!
You are too injured to fight recklessly!
You are too injured to fight recklessly!
You are too injured to fight recklessly!
You are too injured to fight recklessly!
You are too injured to fight recklessly!
You are too injured to fight recklessly!
Unknown command.
You barely miss Edmund. You block Edmund's attack.
You barely miss Edmund. You headbutt Edmund, but do no damage.
Edmund hits you with a +0 flail of protection. 😮 HP[-5]
You take 5 damage, and now have 31/50 hp.
You barely miss Edmund. You headbutt Edmund, but do no damage.
Edmund barely misses you.
A hobgoblin comes into view.
The hobgoblin shouts!
You slash Edmund!
You hear a shout!
Edmund hits you with a +0 flail of protection.
The black bear misses you.
The black bear claws you but does no damage.
The black bear barely misses you.
Edmund hits you with a +0 flail of protection!
* * * LOW HITPOINT WARNING * * *
You hear a shout! 😨 HP[-12]
You take 12 damage, and now have 19/50 hp.
MASSIVE DAMAGE!! (PAUSE)
You hit Edmund but do no damage. You hit the black bear.
A goblin comes into view. It is wielding a +0 dagger.
You block Edmund's attack. The black bear barely misses you.
The black bear claws you.
* * * LOW HITPOINT WARNING * * *
You block the black bear's attack. 😨 HP[-1]
You take 1 damage, and now have 18/50 hp.
You hit Edmund but do no damage. You hit the black bear.
You block Edmund's attack. The black bear bites you.
* * * LOW HITPOINT WARNING * * *
You block the black bear's attack.
The black bear claws you but does no damage. 😨 HP[-2]
You take 2 damage, and now have 16/50 hp.
You hit Edmund. You barely miss the hobgoblin. You hit the black bear.
Edmund hits you with a +0 flail of protection.
* * * LOW HITPOINT WARNING * * *
The black bear barely misses you. The black bear closely misses you.
The black bear claws you.
* * * LOW HITPOINT WARNING * * *
The hobgoblin hits you but does no damage.
The hobgoblin completely misses you. The black bear bites you.
* * * LOW HITPOINT WARNING * * *
The black bear claws you.
* * * LOW HITPOINT WARNING * * *
The black bear claws you but does no damage.
Edmund closely misses you. You furiously retaliate!
You headbutt Edmund, but do no damage. 😱 HP[-11]
You take 11 damage, and now have 5/50 hp.
MASSIVE DAMAGE!! (PAUSE)
The hobgoblin hits you but does no damage.
Edmund hits you with a +0 flail of protection.
* * * LOW HITPOINT WARNING * * *
The black bear barely misses you.
The black bear claws you but does no damage.
The black bear claws you.
You die...

Skill      XL: |  1  2  3  4  5 |
---------------+----------------+-----
Fighting       | 4 5 |  5.8
Axes           | 3 4 5 |  5.1
Armour         | 4 |  4.8
Shields        | |  3.6

Action                   |  1- 3 |  4- 6 || total
-------------------------+-------+-------++-------
Melee: War axe           |    47 |    79 ||   126
       Headbutt          |     3 |    10 ||    13
  Use: Scroll            |       |     3 ||     3
Armor: Scale mail        |    18 |    53 ||    71
Dodge: Dodged            |    26 |    48 ||    74
Block: Buckler           |     8 |    20 ||    28

Levels and vault maps discovered:
D:1:      giann_forest_graveyard, layout_rooms
D:2:      layout_loops_corners, basic_altar, uniq_robin, uniq_sigmund
D:3:      layout_rooms, general_overflow_altar, serial_shops, shop,
          nicolae_lakefront_shop, shop, shop, kennysheep_cluttered_room,
          dk_vineyard_1
D:4:      layout_cave_pools, mainiacjoe_overflow_tiny_flanked, uniq_edmund

Notes
Turn   | Place    | Note
-------+----------+-------------------------------------------
     0 | D:1      | Sanktem7 the Minotaur Fighter began the quest for the Orb.
     0 | D:1      | Reached XP level 1. HP: 19/19 MP: 0/0
     0 | D:1      | magus.rc [v1.9.6]
   206 | D:1      | You pick up a book of Frost and begin reading...
   206 | D:1      | You add the spells Freeze, Frozen Ramparts and Hailstorm to
                  | your library.
   283 | D:1      | Reached XP level 2. HP: 27/27 MP: 1/1
   331 | D:1      | Reached skill level 4 in Fighting
   460 | D:1      | Reached skill level 3 in Axes
   638 | D:2      | Reached skill level 4 in Armour
   684 | D:2      | Reached XP level 3. HP: 33/33 MP: 2/2
   694 | D:2      | Noticed Sigmund
   710 | D:2      | HP: 1/33 [Sigmund/+0 scythe (8)]
   713 | D:2      | Killed Sigmund
   714 | D:2      | Reached skill level 5 in Fighting
   714 | D:2      | Reached skill level 4 in Axes
   714 | D:2      | Reached XP level 4. HP: 2/42 MP: 3/3
   714 | D:2      | Reached XP level 5. HP: 2/48 MP: 4/4
  1060 | D:2      | Found a blossoming altar of Fedhas.
  1466 | D:2      | Noticed Robin
  1480 | D:2      | Killed Robin
  1728 | D:2      | Reached skill level 5 in Axes
  2096 | D:3      | You pick up a book of Flames and begin reading...
  2096 | D:3      | You add the spells Foxfire, Conjure Flame, Inner Flame and
                  | Flame Wave to your library.
  2124 | D:3      | You pick up a book of Cantrips and begin reading...
  2124 | D:3      | You add the spells Necrotise, Summon Small Mammal and
                  | Apportation to your library.
  2152 | D:3      | Found Plog's General Store.
  2185 | D:3      | Found Lautaig's Magic Scroll Shoppe.
  2191 | D:3      | Bought a scroll of identify for 20 gold pieces
  2234 | D:3      | Found Kuisy's General Store.
  2404 | D:3      | Found a bloodstained altar of Trog.
  2407 | D:3      | Found Nomor's Magic Scroll Shop.
  2592 | D:4      | Noticed Edmund
  2600 | D:4      | Noticed a black bear
  2608 | D:4      | HP: 12/50 [Edmund/+0 flail of protection (5)]
  2608 | D:4      | HP: 5/50 [black bear (3)]
  2609 | D:4      | HP: 1/50 [Edmund/+0 flail of protection (4)]
  2609 | D:4      | Slain by a black bear

Vanquished Creatures
  Sigmund (D:2)
  Robin (D:2)
  3 adders
  2 dart slugs
  4 ball pythons
  7 endoplasms
  A giant cockroach (D:2)
  11 goblins
  12 hobgoblins
  2 quokkas
  5 bats
  A frilled lizard (D:1)
  A kobold (D:3)
  8 rats
59 creatures vanquished.

Table legend:
 A = Non-vault XP
 B = Vault XP
 C = Vault XP percentage of total XP
 D = Non-vault monster count
 E = Vault monster count
 F = Vault count percentage of total count
                 A         B        C        D         E       F
            +---------+---------+-------+---------+---------+-------
      Total |     116 |     258 |  69.0 |      47 |      12 |  20.3
            +---------+---------+-------+---------+---------+-------
        D:1 |      19 |       0 |   0.0 |      12 |       0 |   0.0
        D:2 |      59 |     258 |  81.4 |      20 |      12 |  37.5
        D:3 |      34 |       0 |   0.0 |      13 |       0 |   0.0
        D:4 |       4 |       0 |   0.0 |       2 |       0 |   0.0
            +---------+---------+-------+---------+---------+-------

Illustrated notes

Table legend:
 A = Kills in this place as a percentage of kills in entire the game.
 B = Kills by you in this place as a percentage of kills by you in the entire game.
 C = Kills by friends in this place as a percentage of kills by friends in the entire game.
 D = Other kills in this place as a percentage of other kills in the entire game.
 E = Experience gained in this place as a percentage of experience gained in the entire game.
 F = Experience gained in this place divided by the number of levels of this place that you have seen.
                   A       B       C       D       E      F
               +-------+-------+-------+-------+-------+----------------------
         Total | 100.0 | 100.0 |   N/A |   N/A | 100.0 |  93.5
       Dungeon | 100.0 | 100.0 |   N/A |   N/A | 100.0 |  93.5
               +-------+-------+-------+-------+-------+----------------------

Table legend: (Time is in decaauts)
 A = Elapsed time spent in this place.
 B = Non-inter-level travel time spent in this place.
 C = Inter-level travel time spent in this place.
 D = Time resting spent in this place.
 E = Time spent auto-exploring this place.
 F = Levels seen in this place.
 G = Mean time per level.
                   A        B        C        D        E       F      G
               +--------+--------+--------+--------+--------+-----+--------+
         Total |   2653 |   2612 |     41 |      0 |   2254 |   4 |  663.2 |
       Dungeon |   2653 |   2612 |     41 |      0 |   2254 |   4 |  663.2 |
               +--------+--------+--------+--------+--------+-----+--------+

Top non-repeatable levels by time:
     D:2: 1559 daAuts
     D:1: 539 daAuts
     D:3: 531 daAuts
     D:4: 22 daAuts
